 Dungeon Crawl Stone Soup version 0.27.0 (webtiles) character file.

Game seed: 12546185173330825245

353 gimp the Poker (level 6, -6/49 (52) HPs)
             Began as a Merfolk Fighter on July 31, 2021.
             Splashed by a jelly's acid (8 damage)
             ... on level 4 of the Dungeon.
             The game lasted 00:07:29 (4400 turns).

gimp the Poker (Merfolk Fighter)                    Turns: 4400, Time: 00:07:29

HP:   -6/49 (52)    AC:  2    Str: 18    XL:     6   Next: 62%
MP:   6/6           EV:  2    Int:  7    God:
Gold: 90            SH:  9    Dex: 14    Spells: 5/5 levels left

rFire    . . .     SeeInvis .   a - +0 trident
rCold    . . .     Faith    .   c - +0 kite shield
rNeg     . . .     Spirit   .   j - +0 plate armour
rPois    .         Reflect  .   (no helmet)
rElec    .         Harm     .   (no cloak)
rCorr    .         Rampage  .   (no gloves)
Will     .....                  (no boots)
Stlth    ..........             (no amulet)
HPRegen  0.16/turn              (no ring)
MPRegen  0.10/turn              (no ring)

@: corroded, drained
A: (nimble swimmer 2), mertail
a: no special abilities


You were on level 4 of the Dungeon.
You visited 1 branch of the dungeon, and saw 4 of its levels.

You collected 90 gold pieces.

Inventory:

Hand Weapons
 a - a +0 trident (weapon)
 e - a +2 hand axe of electrocution
Armour
 b - a +0 scale mail
 c - a +0 kite shield (worn)
 j - a +0 plate armour (worn)
Scrolls
 f - 5 scrolls of identify {unknown}
 g - 2 scrolls of enchant armour {unknown}
 h - a scroll of immolation {unknown}
 i - 3 scrolls of magic mapping {unknown}
 m - a scroll of enchant weapon {unknown}
Potions
 k - 2 potions of attraction {unknown}


   Skills:
 + Level 6.0 Fighting
 + Level 7.2 Polearms
 - Level 2.1 Armour
 - Level 3.0 Shields


You had 5 spell levels left.
You didn't know any spells.
Your spell library contained the following spells:

 Spells                   Type           Power      Damage    Failure   Level
 Sting                    Tmut/Pois      0%         1d3       100%        1
 Poisonous Vapours        Pois/Air       0%         N/A       100%        2
 Cause Fear               Hex            0%         N/A       100%        4
 Olgreb's Toxic Radiance  Pois           0%         N/A       100%        4
 Dragon Form              Tmut           0%         N/A       100%        7
 Dragon's Call            Summ           0%         N/A       100%        9


Dungeon Overview and Level Annotations

Branches:
Dungeon (4/15)
 Temple: D:4-7

Altars:


Innate Abilities, Weirdness & Mutations

((You are quick and stealthy near water. (Stealth+, EV+, Speed+++)))
Your lower body shifts to a powerful aquatic tail in water.


Message History

The ogre hits you with a +0 giant club!
* * * LOW HITPOINT WARNING * * *
You take 10 damage, and have 6/49 hp.
MASSIVE DAMAGE!!
The ogre enters a dispersal trap!
You blink.
The ogre blinks!
There is a stone staircase leading down here.
You climb downwards.
There is a stone staircase leading up, spattered with blood here.
You start resting.
You hear a distant slurping noise. x6
A jelly comes into view.
You regained 21 hp, and now have 31/49 hp.
The jelly quivers.
There is a stone staircase leading up here.
A jelly is nearby!
You hit the jelly.
Your hands burn!
The jelly is lightly wounded.
You block the jelly's attack.
You take 1 damage, and have 31/49 hp.
You puncture the jelly!
Your hands burn!
The jelly is moderately wounded.
The jelly barely misses you.
You hit the jelly. The acid corrodes you!
Your hands burn!
The jelly is heavily wounded.
The jelly hits you.
You are splashed with acid!
The jelly hits you.
* * * LOW HITPOINT WARNING * * *
You are splashed with acid!
* * * LOW HITPOINT WARNING * * *
You take 27 damage, and have 4/49 hp.
MASSIVE DAMAGE!!
You block the jelly's attack.
You hit the jelly. The acid corrodes you!
Your hands burn!
* * * LOW HITPOINT WARNING * * *
The jelly is heavily wounded.
The jelly hits you.
* * * LOW HITPOINT WARNING * * *
You are splashed with acid!
You die...

#.....# #.#####
#(....# #(###.#
##### ##.# # #...#
#..###.#.#
##♣.<.♣##O........
#...J...#.........
#.<@♣.....########
#.......#.#
##♣.<.♣##.# #...#
..# ##### ###


You could see a jelly.

Vanquished Creatures
  4 wights
  A gnoll shaman (D:2)
  A hound (D:3)
  3 gnolls
  4 adders
  3 worms
  3 ball pythons
  5 endoplasms
  2 giant cockroaches
  7 goblins
  5 hobgoblins
  2 jackals (D:2)
  2 quokkas
  8 bats
  5 frilled lizards
  8 kobolds
  5 rats
68 creatures vanquished.

Vanquished Creatures (others)
  A plant (D:4)
1 creature vanquished.

Grand Total: 69 creatures vanquished

Notes
Turn   | Place    | Note
-------+----------+-------------------------------------------
     0 | D:1      | gimp the Merfolk Fighter began the quest for the Orb.
     0 | D:1      | Reached XP level 1. HP: 18/18 MP: 1/1
   176 | D:1      | Reached XP level 2. HP: 24/24 MP: 2/2
   658 | D:1      | Reached skill level 4 in Polearms
   712 | D:2      | Reached XP level 3. HP: 25/30 MP: 3/3
  1539 | D:2      | Reached XP level 4. HP: 25/38 MP: 4/4
  1865 | D:2      | Found a faded altar of an unknown god.
  2085 | D:2      | Reached skill level 5 in Polearms
  2154 | D:2      | Reached XP level 5. HP: 32/43 MP: 5/5
  2229 | D:2      | Reached skill level 5 in Fighting
  2448 | D:2      | Reached skill level 6 in Polearms
  2588 | D:2      | Reached XP level 6. HP: 8/52 MP: 6/6
  3633 | D:3      | Reached skill level 7 in Polearms
  4400 | D:4      | HP: 2/49 [jelly (2)]
  4400 | D:4      | Splashed by a jelly's acid

Illustrated notes

Levels and vault maps discovered:
D:1:      matt_arrival_diagonals, layout_basic, st_stairs_14
D:2:      layout_basic, shapermc_ecumenical_altar_notcrosses,
          minmay_fountain_box
D:3:      layout_rooms
D:4:      layout_basic, fedhas_altar_decomposition,
          minmay_temple_entry_nine_rooms, minmay_misc_feat_cross,
          grunt_decor_fettered, grunt_ministairs_7, grunt_decor_junction,
          kennysheep_generic_room_7

Skill      XL: |  1  2  3  4  5  6 |
---------------+-------------------+-----
Polearms       | 4 5 6 7 |  7.2
Fighting       | 4 5 6 |  6.0
Armour         | |  2.1
Shields        | |  3.0

Action                   |  1- 3 |  4- 6 || total
-------------------------+-------+-------++-------
Melee: Trident           |   168 |   138 ||   306
Throw: Dart              |       |     3 ||     3
  Use: Potion            |       |     3 ||     3
Armor: Scale mail        |    57 |       ||    57
       Plate armour      |    45 |    74 ||   119
Dodge: Dodged            |    41 |    17 ||    58
Block: Kite shield       |    95 |    68 ||   163
